Description

xxx

Build Order

Get SALT Encoding   

  13  0:00  Overlord  
  16  0:50  Hatchery  
  18  1:09  Extractor  
  17  1:15  Spawning Pool  rer to pull gas at 100
  20  2:00  Queen x2, Drone  Send to third
  21  2:05  Zergling x4  
  27  2:17  Hatchery  
  26  2:22  Overlord  
  30  2:43  Queen  main
  30  2:46  Metabolic Boost  
  33  3:00  Overlord  
  36  3:08  Overlord  
  44  3:30  Roach Warren  refill gas
  44  3:31  Overlord  
  54  4:00  Extractor  
  55  4:15  Zergling x6  
  57  4:18  Lair  
  58  4:25  Spore Crawler x3  
  70  5:00  Hatchery  
  70  5:06  Overlord x3, Roach x5  
  84  5:10  Evolution Chamber x2  
  85  5:20  Overseer  
Spawning Tool Build Advisor. Get it on Overwolf

Go to:

Details

  • Created by: mchen
  • Published on: Oct 05, 2024
  • Modified on: Oct 07, 2024
  • Patch: 5.0.11
  • Difficulty: Easy
Show
View Real Time Build Order
Export as new Build Order

Comments (0)

There are no comments. Be the first!

Create an account to comment!